 Dungeon Crawl Stone Soup version 0.20.1-1-g8b1a95d (webtiles) character file.

2690 pstr the Destroyer (level 9, -6/48 HPs)
             Began as a Kobold Conjurer on Nov 26, 2017.
             Was a Follower of Vehumet.
             Shot with an arrow by a centaur (8 damage)
             ... on level 8 of the Dungeon on Nov 27, 2017.
             The game lasted 00:23:31 (10474 turns).

pstr the Destroyer (Kobold Conjurer)               Turns: 10474, Time: 00:23:32

Health: -6/48      AC: 11    Str:  5    XL:     9   Next: 96%
Magic:  20/20      EV: 13    Int: 20    God:    Vehumet [*.....]
Gold:   189        SH:  0    Dex: 15    Spells: 16/23 levels left

rFire    . . .     SeeInvis .   G - +0 quarterstaff (speed)
rCold    + . .     Gourm    .   (shield currently unavailable)
rNeg     . . .     Faith    .   k - +2 ring mail
rPois    .         Spirit   .   (no helmet)
rElec    .         Reflect  .   (no cloak)
rCorr    .         Harm     .   E - +2 pair of gloves
MR       .....                  i - +0 pair of boots
Stlth    +++.......             (no amulet)
Regen    0.2/turn               z - ring of protection from cold
MPRegen  0.2/turn               (no ring)

@: no status effects
A: carnivore 3
a: Renounce Religion


You were on level 8 of the Dungeon.
You worshipped Vehumet.
Vehumet was aware of your devotion.
You were very full.

You visited 2 branches of the dungeon, and saw 9 of its levels.
You also visited: Ossuary.

You collected 316 gold pieces.
You spent 127 gold pieces at shops.

Inventory:

Hand Weapons
 u - a +0 quarterstaff
 G - a +0 quarterstaff of speed (weapon)
Missiles
 j - 245 stones (quivered)
 x - 33 arrows
Armour
 a - a +0 robe
 i - a +0 pair of boots (worn)
 k - a +2 ring mail (worn)
 E - a +2 pair of gloves (worn)
 F - a +0 animal skin
Jewellery
 z - a ring of protection from cold (left hand)
Wands
 l - a wand of flame (12/48)
 r - a wand of lightning (14/15)
Scrolls
 f - 3 scrolls of fog
 g - 3 scrolls of amnesia
 m - 2 scrolls of noise
 n - 2 scrolls of teleportation
 o - 2 scrolls of enchant weapon
 p - 2 scrolls of recharging
 q - a scroll of blinking
 s - 2 scrolls of remove curse
 B - 2 scrolls of random uselessness
 I - a scroll of immolation {unknown}
 J - 2 scrolls of identify
Potions
 e - a potion of invisibility {unknown}
 h - 3 potions of curing
 t - 2 potions of brilliance
 w - a potion of might
 A - 3 potions of agility
 C - a potion of lignification
Books
 b - a book of Conjurations

   Spells                             Type                      Level
   a - Magic Dart                     Conjuration                  1
   b - Searing Ray                    Conjuration                  2
   c - Dazzling Spray                 Conjuration/Hexes            3
   d - Fulminant Prism                Conjuration/Hexes            4
   e - Force Lance                    Conjuration/Translocation    4
   f - Iskenderun's Mystic Blast      Conjuration                  4
 d - a book of Minor Magic

   Spells                             Type                      Level
   a - Magic Dart                     Conjuration                  1
   b - Blink                          Translocation                2
   c - Call Imp                       Summoning                    2
   d - Slow                           Hexes                        2
   e - Conjure Flame                  Conjuration/Fire             3
   f - Mephitic Cloud                 Conjuration/Poison/Air       3
 y - a book of Necromancy

   Spells                             Type                      Level
   a - Pain                           Necromancy                   1
   b - Animate Skeleton               Necromancy                   1
   c - Vampiric Draining              Necromancy                   3
   d - Regeneration                   Charms/Necromancy            3
   e - Animate Dead                   Necromancy                   4
   f - Control Undead                 Necromancy                   4
Comestibles
 c - 3 meat rations
 D - a royal jelly


   Skills:
 + Level 1.6 Fighting
 + Level 2.2 Staves
 + Level 1.1 Armour
 + Level 5.7 Dodging
 + Level 6.4 Stealth
 + Level 7.6 Spellcasting
 + Level 8.9 Conjurations


You had 16 spell levels left.
You knew the following spells:

 Your Spells              Type           Power        Failure   Level  Hunger
a - Magic Dart            Conj           ####         1%          1    None
b - Searing Ray           Conj           #####.       1%          2    None
c - Iskenderun's Mystic   Conj           #####...     11%         4    ###....


Dungeon Overview and Level Annotations

Branches:
Dungeon (8/15)             Temple (1/1) D:6
   Lair: D:8-11

Altars:
Cheibriados
Elyvilon
Fedhas
Gozag
Kikubaaqudgha
Nemelex Xobeh
Okawaru
Sif Muna
Trog
Uskayaw
Vehumet
Xom
Yredelemnul
The Shining One

Shops:
D:5 [(


Innate Abilities, Weirdness & Mutations

You are small and have problems with some larger weapons.
You are carnivorous and can eat meat at any time.


Message History

There is an open door here.
Your extra speed is starting to run out.
You feel yourself slow down.
You open the door.
Found a stone staircase leading down.
There is an open door here.
A centaur comes into view.
The centaur shouts!
The centaur barely misses you.
The centaur hits you but does no damage.
The centaur hits you.
* * * LOW HITPOINT WARNING * * *
The centaur wields a shortbow.
The centaur shoots an arrow.
The arrow barely misses you.
You see here an arrow.
The centaur shoots an arrow.
The arrow hits you!
* * * LOW HITPOINT WARNING * * *
You see here an arrow.
The centaur shoots an arrow.
The arrow hits you!
You die...

.... #.. ... #...
>.##### #..# ......
#..####### ####.....
+........ #..#.....
#...... #..'.....
#...># . #..#.....
#..@.##...##..#.....
#.(.......#...#.....
#(........#...#.....
#.........#...#.....
#.c.......#...#.....
#.#####.####..#.....
####'##.#######..###
#..................#
#..................#


You could see a centaur.

Vanquished Creatures
  Pikel (D:5)
  A hungry ghost (D:7)
  A water moccasin (D:7)
  Duvessa (D:6)
  2 orc warriors
  A sky beast (D:5)
  2 ogres
  The ghost of ceb the Bolt Thrower, an amateur DsHu (D:3)
  A crocodile (D:7)
  3 bullfrogs
  A scorpion (D:4)
  A water moccasin skeleton (D:4)
  Dowan (D:7)
  A howler monkey (D:5)
  2 crimson imps
  2 jellies (D:6)
  2 bullfrog skeletons
  3 hounds
  A gnoll shaman (D:7)
  3 orc priests
  A centaur skeleton (D:6)
  An orc wizard (D:5)
  An iguana (D:7)
  A worker ant (D:6)
  A killer bee zombie (D:7)
  2 hound skeletons
  3 mummies (Ossuary)
  7 gnolls (D:7)
  14 adders
  A shadow imp (D:7)
  2 adder zombies (Ossuary)
  6 worms
  A dart slug (D:1)
  4 leopard geckos
  17 orcs
  A ball python (D:5)
  5 giant cockroaches
  3 gnoll zombies (Ossuary)
  7 goblins
  10 hobgoblins
  3 jackals (D:7)
  7 kobolds
  2 quokkas (D:6)
  4 bats
  6 frilled lizards
  A goblin zombie (Ossuary)
  3 hobgoblin zombies (Ossuary)
  2 kobold zombies (Ossuary)
  A quokka zombie (Ossuary)
  11 rats
  6 rat zombies (Ossuary)
165 creatures vanquished.

Vanquished Creatures (others)
  2 slaves (D:5)
  2 orc wizards (D:5)
  A worker ant (D:5)
  An adder (D:5)
  2 worms (D:5)
  A leopard gecko (D:5)
  A rat (D:5)
10 creatures vanquished.

Grand Total: 175 creatures vanquished

Notes
Turn   | Place    | Note
-------+----------+-------------------------------------------
     0 | D:1      | pstr the Kobold Conjurer began the quest for the Orb.
     0 | D:1      | Reached XP level 1. HP: 10/10 MP: 3/3
   350 | D:1      | Reached XP level 2. HP: 15/15 MP: 3/5
   354 | D:1      | Learned a level 2 spell: Searing Ray
  1003 | D:2      | Found a blossoming altar of Fedhas.
  1008 | D:2      | Reached XP level 3. HP: 19/19 MP: 3/6
  1458 | D:2      | You fall through a shaft for 2 floors!
  1496 | D:4      | Reached skill level 5 in Conjurations
  1496 | D:4      | Reached XP level 4. HP: 24/24 MP: 0/8
  2257 | D:2      | Reached XP level 5. HP: 28/28 MP: 3/9
  2961 | D:3      | Noticed ceb's ghost (amateur DsHu)
  4109 | D:3      | Reached XP level 6. HP: 32/32 MP: 7/11
  4341 | D:3      | Killed ceb's ghost
  4341 | D:3      | Reached skill level 6 in Conjurations
  4428 | D:3      | Found an ancient bone altar of Kikubaaqudgha.
  4684 | D:4      | Reached XP level 7. HP: 36/36 MP: 6/12
  5177 | D:5      | Entered Level 5 of the Dungeon
  5197 | D:5      | Noticed Pikel
  5207 | D:5      | Killed Pikel
  5207 | D:5      | Reached skill level 5 in Stealth
  5207 | D:5      | Reached skill level 5 in Spellcasting
  5207 | D:5      | Reached skill level 7 in Conjurations
  5207 | D:5      | Reached XP level 8. HP: 27/41 MP: 4/15
  5335 | D:5      | Noticed a moth of wrath
  5338 | D:5      | Found a bloodstained altar of Trog.
  5370 | D:5      | Found a sand-covered staircase.
  5375 | Ossuary  | Entered an ossuary
  6584 | D:5      | Found a shimmering altar of Xom.
  6585 | D:5      | Found a hide-covered altar of Uskayaw.
  6593 | D:5      | Reached skill level 1 in Fighting
  6671 | D:5      | Found Cuygoah's Antique Armour Shoppe.
  6677 | D:5      | Bought a pair of runed gloves for 127 gold pieces
  6885 | D:5      | Reached skill level 1 in Staves
  6951 | D:5      | Found Deumot's Antique Weapon Boutique.
  7657 | D:6      | Reached XP level 9. HP: 47/47 MP: 13/18
  7676 | D:6      | Found a staircase to the Ecumenical Temple.
  7737 | Temple   | Entered the Ecumenical Temple
  7828 | Temple   | Became a worshipper of Vehumet
  8359 | D:6      | Reached skill level 5 in Dodging
  8359 | D:6      | Reached skill level 8 in Conjurations
  8516 | D:6      | Learned a level 4 spell: Iskenderun's Mystic Blast
  8760 | D:7      | Noticed Dowan
  9425 | D:7      | Noticed Duvessa
  9436 | D:7      | Reached * piety under Vehumet
  9436 | D:7      | Offered knowledge of Flame Tongue by Vehumet.
  9440 | D:7      | Killed Dowan
  9484 | D:6      | Killed Duvessa
  9882 | D:7      | Reached skill level 1 in Armour
 10018 | D:7      | Found an opulent altar of Gozag.
 10019 | D:7      | Found a sparkling altar of Nemelex Xobeh.
 10239 | D:8      | Noticed a two-headed ogre
 10411 | D:8      | HP: 2/48 [two-headed ogre/giant spiked club (8)]
 10473 | D:8      | HP: 2/48 [centaur/arrow (7)]
 10474 | D:8      | Shot with an arrow by a centaur

Skill      XL: |  1  2  3  4  5  6  7  8  9 |
---------------+----------------------------+-----
Conjurations   | 5 6 7 8 |  8.9
Dodging        | 3 4 5 |  5.7
Stealth        | 3 4 5 6 |  6.4
Spellcasting   | 3 5 6 7 |  7.6
Fighting       | 1 |  1.6
Staves         | 1 2 |  2.2
Armour         | 1 |  1.1

Action                   |  1- 3 |  4- 6 |  7- 9 || total
-------------------------+-------+-------+-------++-------
Melee: Unarmed           |     1 |       |       ||     1
       Quarterstaff      |       |     3 |    12 ||    15
 Cast: Magic Dart        |    47 |    71 |    46 ||   164
       Searing Ray       |     3 |    20 |    89 ||   112
       Iskenderun's Myst |       |       |     3 ||     3
  Use: Potion            |       |     4 |     6 ||    10
       Scroll            |       |       |    16 ||    16
  Eat: Chunk             |    11 |     9 |    18 ||    38
Armor: Robe              |     1 |     8 |    11 ||    20
       Ring mail         |       |       |    14 ||    14
Dodge: Dodged            |    10 |    26 |    72 ||   108
